 Dungeon Crawl Stone Soup version 0.29-a0-364-g921d912d32 (webtiles) character file.

Game seed: 3053464539147794977

80144 frimble the Warrior (level 16, -8/126 HPs)
             Began as a Djinni Warper on May 1, 2022.
             Was the Champion of Cheibriados.
             Killed by the air
             ... invoked by a spriggan air mage
              (13 damage)
             ... in a wizard's laboratory.
             The game lasted 01:08:16 (28964 turns).

frimble the Warrior (Djinni Warper)                Turns: 28964, Time: 01:08:16

Health: -8/126     AC: 24    Str: 27    XL:     16   Next: 13%
Gold:   3235       EV: 16    Int: 35    God:    Cheibriados [******] SH:  0 Dex: 29

rFire   + + .      SeeInvis .   F - +7 short sword (freeze)
rCold   . . .      Faith    .   (no shield)
rNeg    + . .      Spirit   .   P - +1 chain mail "Pofyur" {rN+ Will++}
rPois   ∞          Reflect  .   X - +2 helmet of Stoicism {rC+}
rElec   .          Harm     .   q - +2 cloak
rCorr   .          Rampage  .   B - +2 pair of gloves
Will    +++..                   (boots unavailable)
Stlth   +.........              Y - amulet of the acrobat
HPRegen 0.31/turn               S - +4 ring of slaying
MPRegen 0.00/turn               v - +4 ring of protection

@: on berserk cooldown, flying, slowed, very slow
A: sickness immunity, fire resistance 2, cold vulnerability 1, float, innate
caster, HP casting, extra vitality 1
a: Renounce Religion, Bend Time, Temporal Distortion, Slouch, Step From Time


You were in a wizard's laboratory.
You worshipped Cheibriados.
Cheibriados was exalted by your worship.
You visited 5 branches of the dungeon, and saw 24 of its levels.
You also visited: Sewer, Gauntlet and Wizlab.

You collected 3925 gold pieces.
You spent 690 gold pieces at shops.

Inventory:

Hand Weapons
 o - a +1 dagger of holy wrath
 y - a +5 great sword
 F - a +7 short sword of freezing (weapon)
 W - a +1 triple sword of electrocution
Missiles
 d - 7 boomerangs of dispersal
 j - 10 javelins
 C - 31 boomerangs
Armour
 e - the +4 ring mail of Shadows and Fog {Drain rF+ Will++ SInv}
   (You bought it in a shop on level 2 of the Orcish Mines)

   rF:        It protects you from fire.
   SInv:      It lets you see invisible.
   Drain:     It drains your maximum health when unequipped.
   Will:      It greatly increases your willpower.
 q - a +2 cloak (worn)
 B - a +2 pair of gloves (worn)
 M - a +1 troll leather armour
 P - the +1 chain mail "Pofyur" (worn) {rN+ Will++}
   (You found it in a Gauntlet)

   rN:        It protects you from negative energy.
   Will:      It greatly increases your willpower.
 U - a +1 robe of cold resistance
 X - the +2 helmet of Stoicism (worn) {rC+}
   (You found it on level 3 of the Lair of Beasts)

   rC:        It protects you from cold.
Jewellery
 c - a ring of resist corrosion
 i - a ring of protection from fire
 r - a ring of willpower
 v - a +4 ring of protection (right hand)
 A - a +6 ring of dexterity
 H - a ring of protection from cold
 Q - a ring of willpower
 S - a +4 ring of slaying (left hand)
 Y - an amulet of the acrobat (around neck)
 Z - a ring of fire
Wands
 l - a wand of digging (5)
 p - a wand of iceblast (6)
 t - a wand of paralysis (13)
 u - a wand of flame (35)
 w - a wand of polymorph (18)
 D - a wand of mindburst (3)
 N - a wand of acid (6)
Scrolls
 h - 9 scrolls of teleportation
 k - 3 scrolls of enchant weapon
 E - 5 scrolls of fog
 K - 4 scrolls of vulnerability
 T - 3 scrolls of holy word
Potions
 a - a potion of might
 b - a potion of degeneration
 f - 2 potions of curing
 g - 5 potions of haste
 m - a potion of ambrosia
 n - 4 potions of cancellation
 x - 3 potions of mutation
 z - 4 potions of resistance
 G - 4 potions of brilliance
 I - 2 potions of magic
 J - 4 potions of invisibility
 O - 2 potions of attraction
 V - a potion of lignification


   Skills:
 + Level 15.5 Fighting
 - Level 11.5(12.0) Short Blades
 - Level 4.8(8.9) Long Blades
 - Level 1.0 Throwing
 + Level 4.7 Armour
 - Level 9.0 Dodging
 - Level 5.3 Stealth
 + Level 8.7 Spellcasting
 - Level 10.6 Invocations
 - Level 3.0 Evocations


You couldn't memorise any spells.
You knew the following spells:

 Your Spells              Type           Power      Damage    Failure   Level
a - Blink                 Tloc           100%       N/A       1%          2
b - Lesser Beckoning      Tloc           66%        N/A       1%          3
c - Gell's Gravitas       Tloc           66%        N/A       1%          3
d - Teleport Other        Tloc           66%        N/A       1%          3
e - Manifold Assault      Tloc           66%        N/A       12%         5
f - Pain                  Necr           100%       1d9       1%          1
g - Poisonous Vapours     Pois/Air       100%       N/A       1%          2
h - Stone Arrow           Conj/Erth      100%       3d13      1%          3
i - Hailstorm             Conj/Ice       66%        3d14      4%          4
j - Fulminant Prism       Conj/Hex       33%        3d16      4%          4
k - Summon Mana Viper     Hex/Summ       66%        N/A       12%         5
l - Simulacrum            Ice/Necr       33%        N/A       56%         6
Your spell library was empty.

Dungeon Overview and Level Annotations

Branches:
Dungeon (14/15)            Temple (1/1) D:6            Lair (6/6) D:10
 Shoals (0/4) Lair:4       Spider (0/4) Lair:3        Slime (0/5) Lair:6
    Orc (2/2) D:11            Elf (1/3) Orc:2         Sewer (visited)
 WizLab (1/1)             Gauntlet (visited)
 Vaults: D:13-14

Altars:
Ashenzari
Cheibriados
Dithmenos
Elyvilon
Fedhas
Gozag
Hepliaklqana
Kikubaaqudgha
Makhleb
Nemelex Xobeh
Okawaru
Qazlal
Ru
Sif Muna
Trog
Uskayaw
Vehumet
Wu Jian
Xom
Yredelemnul
Zin
The Shining One
Beogh
Jiyva

Shops:
D:8 =   Orc:1 :   Orc:2 **([[

Annotations:
D:5 1 runed translucent door


Innate Abilities, Weirdness & Mutations

You are immune to sickness and miasma.
You are immune to poison.
Your flesh is very heat resistant. (rF++)
You are vulnerable to cold. (rC-)
You float through the air rather than walking.
You learn spells naturally, not from books.
Your magical power is your life essence.
You have superior vitality. (+4 MHP)


Message History

The spriggan air mage waves its arms in wide circles.
The air twists around and strikes you!
Okay, then.
You step out of the flow of time.
You return to the normal time flow.
The mana viper hisses angrily.
The spriggan air mage shouts!
You hear a shout!
The spriggan air mage points at you and mumbles some strange words.
The bolt of lightning hits you!!
* * * LOW HITPOINT WARNING * * *
As you read the scroll of fog, it crumbles to dust.
The scroll dissolves into smoke.
You feel much better.
As you read the scroll of teleportation, it crumbles to dust.
You feel strangely unstable. The mana viper bites you!
* * * LOW HITPOINT WARNING * * *
The spriggan air mage waves its arms in wide circles.
The air twists around and strikes you.
* * * LOW HITPOINT WARNING * * *
As you read the scroll of fear, it crumbles to dust.
You assume a fearsome visage.
The mana viper looks frightened!
The spriggan air mage resists with almost no effort.
The spriggan air mage waves its arms in wide circles.
The air twists around and strikes you.
* * * LOW HITPOINT WARNING * * *
The deep elf knight hits you but does no damage.
You feel better.
Your surroundings suddenly seem different.
A deep elf knight comes into view.
It is wielding a +0 antimagic morningstar.
The spriggan air mage hits you with a +1 antimagic rapier!
* * * LOW HITPOINT WARNING * * *
A mana viper comes into view.
Okay, then.
As you read the scroll of fear, it crumbles to dust.
You assume a fearsome visage.
The deep elf knight easily resists.
The mana viper resists with some effort.
The spriggan air mage resists with almost no effort.
The mana viper hisses angrily.
The spriggan air mage hits you but does no damage.
The spriggan air mage waves its arms in wide circles.
The air twists around and strikes you!
You die...

##....##
##......##
#........## ##
#...♣..♣...####§#
#...♣♣..♣♣...##§#
#... ♣..♣....e§##
#... #..#..§§§§♣
♣.. ......§§i§♣
.. ..≈≈..#§§@.♣
.≈≈≈≈e.#§..♣
≈≈≈≈≈≈......♣
≈≈≈≈≈≈.#.e..♣
≈≈≈≈..#....S
.≈≈.. ..♣..♣.
.... .....♣.. ..#
... ... ..


You could see a deep elf knight, a spriggan air mage (repels missiles) and a
mana viper.

Vanquished Creatures
  Rupert (Lair:3)
  A quicksilver dragon (WizLab)
  An orc warlord (Orc:2)
  A minotaur (Gauntlet)
  Erolcha (D:10)
  Fannar (Lair:3)
  3 boulder beetles (D:12)
  A merfolk avatar (Lair:6)
  A centaur warrior (D:13)
  2 catoblepae
  5 two-headed ogres
  A death knight (D:13)
  7 hydras
  6 death yaks
  Nergalle (Lair:3)
  A fire crab (Lair:6)
  A sea snake (Lair:6)
  A deep elf archer (Elf:1)
  2 mana vipers (WizLab)
  An orc knight (Orc:2)
  3 deep elf pyromancers
  2 orc sorcerers
  7 manticores
  4 deep elf zephyrmancers (Elf:1)
  An ugly thing (D:12)
  3 cyclopes
  An elephant (Lair:6)
  An elephant (shapeshifter) (D:13)
  Maurice (D:12)
  3 torpor snails
  Joseph (D:10)
  2 gargoyles
  7 black mambas
  9 cane toads
  3 rime drakes
  An efreet (D:14)
  11 komodo dragons
  A tengu conjurer (D:13)
  Maggie (D:6)
  A freezing wraith (D:13)
  4 polar bears
  A hornet (D:10)
  A wind drake (Lair:6)
  6 trolls
  Grinder (D:5)
  6 blink frogs
  2 snapping turtles
  5 dream sheep (Lair:5)
  16 flying skulls (Gauntlet)
  A wraith (D:13)
  6 wyverns
  32 yaks
  Grum (D:8)
  6 basilisks
  6 steam dragons
  2 vampire mosquitoes (D:13)
  Menkaure (D:4)
  3 redbacks (Lair:3)
  2 wargs
  2 acid dragons
  18 water moccasins
  35 orc warriors
  2 black bears
  A sky beast (D:7)
  Pargi (Sewer)
  2 ice beasts
  13 wolves
  14 centaurs
  7 ogres
  A phantom (D:5)
  2 kobold brigands
  18 bullfrogs
  2 scorpions
  13 wights
  7 howler monkeys
  5 electric eels
  A hound (D:4)
  25 orc priests
  A gnoll shaman (D:8)
  A jelly (D:7)
  An iguana (D:6)
  Jessica (D:3)
  Ijyb (D:4)
  28 orc wizards
  Robin (D:3)
  11 gnolls
  5 adders
  An ufetubus (D:7)
  2 worms
  A dart slug (D:5)
  97 orcs
  4 endoplasms
  5 giant cockroaches
  8 hobgoblins
  4 jackals (D:3)
  10 quokkas
  3 ball pythons
  7 bats
  3 frilled lizards
  19 goblins
  16 kobolds
  2 rats
605 creatures vanquished.

Vanquished Creatures (collateral kills)
  A hydra (Lair:6)
  A boulder beetle (Lair:6)
  A tengu warrior (D:13)
  An orc high priest (Orc:1)
  3 death yaks (Lair:4)
  A skeletal warrior (D:13)
  A sea snake (Lair:6)
  A cyclops (D:12)
  A rime drake (Lair:6)
  A gargoyle (Gauntlet)
  2 cane toads
  4 yaks
  A warg (Orc:1)
  A water moccasin (Lair:6)
  A black bear (Lair:4)
  An orc wizard (Orc:1)
  An orc (Orc:1)
23 creatures vanquished.

Vanquished Creatures (others)
  3 orc wizards
  31 fungi
  102 plants
  14 withered plants (Gauntlet)
150 creatures vanquished.

Grand Total: 778 creatures vanquished

Notes
Turn   | Place    | Note
-------+----------+-------------------------------------------
     0 | D:1      | frimble the Djinni Warper began the quest for the Orb.
     0 | D:1      | Reached XP level 1. HP: 18/18 MP: 0/0
   704 | D:2      | Reached XP level 2. HP: 22/23 MP: 0/0
   881 | D:2      | Reached skill level 1 in Throwing
  1017 | D:2      | Reached XP level 3. HP: 4/28 MP: 0/0
  1017 | D:2      | Learned a level 1 spell: Pain
  1965 | D:2      | Reached XP level 4. HP: 34/34 MP: 0/0
  2711 | D:3      | Reached skill level 3 in Fighting
  2900 | D:3      | Noticed Jessica
  2935 | D:3      | Killed Jessica
  2936 | D:3      | Reached XP level 5. HP: 7/40 MP: 0/0
  2936 | D:3      | Learned a level 2 spell: Poisonous Vapours
  3976 | D:3      | Found a faded altar of an unknown god.
  4538 | D:4      | Reached XP level 6. HP: 44/47 MP: 0/0
  4594 | D:4      | Noticed Robin
  5001 | D:3      | Killed Robin
  5140 | D:4      | Reached skill level 4 in Fighting
  5716 | D:4      | Found a blossoming altar of Fedhas.
  5717 | D:4      | Noticed Ijyb
  5718 | D:4      | Paralysed by Ijyb for 3 turns
  5734 | D:4      | Killed Ijyb
  5735 | D:4      | Reached XP level 7. HP: 43/53 MP: 0/0
  5735 | D:4      | Learned a level 3 spell: Stone Arrow
  5740 | D:4      | Noticed Menkaure
  5744 | D:4      | HP: 1/53 [Menkaure (19)]
  6195 | D:4      | Killed Menkaure
  6513 | D:4      | Reached skill level 5 in Fighting
  6842 | D:4      | Found an iron altar of Okawaru.
  6842 | D:4      | Found a burning altar of Makhleb.
  7059 | D:5      | Entered Level 5 of the Dungeon
  7071 | D:5      | Found a white marble altar of Elyvilon.
  7180 | D:5      | Noticed Grinder
  7194 | D:5      | Killed Grinder
  7195 | D:5      | Reached skill level 5 in Short Blades
  7195 | D:5      | Reached skill level 1 in Evocations
  7195 | D:5      | Reached XP level 8. HP: 60/60 MP: 0/0
  7790 | D:5      | Found a runed translucent door.
  7790 | D:5      | Noticed a human
  7794 | D:5      | Found a basalt altar of Yredelemnul.
  8132 | D:6      | Reached skill level 6 in Fighting
  8229 | D:6      | Reached XP level 9. HP: 22/66 MP: 0/0
  8229 | D:6      | Learned a level 4 spell: Hailstorm
  8261 | D:6      | Found a glowing drain.
  8271 | Sewer    | Entered a sewer
  8588 | Sewer    | Noticed Pargi
  8594 | Sewer    | Killed Pargi
  9106 | D:6      | Reached skill level 5 in Spellcasting
  9277 | D:6      | Noticed Maggie
  9283 | D:6      | Killed Maggie
  9284 | D:6      | Reached skill level 7 in Fighting
  9284 | D:6      | Reached skill level 1 in Long Blades
  9498 | D:6      | Found a staircase to the Ecumenical Temple.
  9923 | Temple   | Entered the Ecumenical Temple
 10139 | Temple   | Became a worshipper of Cheibriados the Contemplative
 10546 | D:7      | Reached XP level 10. HP: 58/76 MP: 0/0
 10895 | D:7      | Reached skill level 8 in Fighting
 11197 | D:8      | Found Lazam's Jewellery Shoppe.
 11219 | D:8      | Reached * piety under Cheibriados
 11348 | D:8      | Found a sacrificial altar of Ru.
 11746 | D:8      | Noticed Grum
 11753 | D:8      | Killed Grum
 12084 | D:8      | Reached ** piety under Cheibriados
 12623 | D:9      | Noticed a komodo dragon
 12629 | D:9      | Killed a komodo dragon
 13014 | D:9      | Reached skill level 9 in Fighting
 13138 | D:9      | Found an opulent altar of Gozag.
 13332 | D:9      | Reached XP level 11. HP: 54/84 MP: 0/0
 13332 | D:9      | Learned a level 4 spell: Fulminant Prism
 14086 | D:10     | Entered Level 10 of the Dungeon
 14086 | D:10     | Noticed Erolcha
 14672 | D:9      | Reached skill level 1 in Stealth
 14801 | D:10     | Noticed Joseph
 14815 | D:10     | Killed Joseph
 15029 | D:10     | Reached *** piety under Cheibriados
 15180 | D:10     | Found a staircase to the Lair.
 15207 | D:10     | Noticed a two-headed ogre
 15217 | D:10     | Killed a two-headed ogre
 15419 | D:10     | Killed Erolcha
 15713 | Lair:1   | Entered Level 1 of the Lair of Beasts
 15754 | Lair:1   | Identified a scroll of acquirement
 15754 | Lair:1   | Acquired 495 gold pieces
 17020 | Lair:2   | Noticed a catoblepas
 17031 | Lair:2   | Killed a catoblepas
 17032 | Lair:2   | Reached XP level 12. HP: 66/89 MP: 0/0
 17660 | Lair:2   | Reached **** piety under Cheibriados
 18019 | Lair:2   | Reached skill level 5 in Dodging
 18048 | Lair:2   | Noticed a five-headed hydra
 18057 | Lair:2   | Killed a five-headed hydra
 18058 | Lair:2   | Reached skill level 5 in Stealth
 18633 | Lair:3   | Noticed Rupert
 19001 | D:11     | Noticed a two-headed ogre
 19010 | D:11     | Killed a two-headed ogre
 19059 | D:11     | Noticed a two-headed ogre
 19067 | D:11     | Killed a two-headed ogre
 19068 | D:11     | Reached skill level 1 in Invocations
 19210 | D:11     | Found a staircase to the Orcish Mines.
 19510 | D:11     | Noticed a two-headed ogre
 19520 | D:11     | Killed a two-headed ogre
 19521 | D:11     | Reached skill level 10 in Fighting
 19806 | Orc:1    | Entered Level 1 of the Orcish Mines
 19817 | Orc:1    | Reached ***** piety under Cheibriados
 19905 | D:11     | Reached XP level 13. HP: 89/96 MP: 0/0
 19905 | D:11     | Learned a level 5 spell: Summon Mana Viper
 20483 | Lair:4   | Reached skill level 10 in Short Blades
 20625 | Lair:4   | Reached skill level 5 in Invocations
 20737 | Lair:4   | Reached skill level 11 in Fighting
 21166 | Lair:4   | Found a staircase to the Shoals.
 21374 | Lair:4   | Reached ****** piety under Cheibriados
 21759 | Lair:5   | Reached skill level 12 in Fighting
 22000 | Lair:5   | Noticed a four-headed hydra
 22004 | Lair:5   | Killed a four-headed hydra
 22035 | Lair:5   | Reached XP level 14. HP: 107/107 MP: 0/0
 22036 | Lair:5   | Identified the +6 spear "Gosof" {protect, rC+ MP+9}
 22238 | Lair:6   | Entered Level 6 of the Lair of Beasts
 22255 | Lair:6   | Found a viscous altar of Jiyva.
 22256 | Lair:6   | Found a staircase to the Slime Pits.
 22363 | Lair:6   | Acquired 974 gold pieces
 22436 | Lair:6   | Reached skill level 13 in Fighting
 22459 | Lair:6   | Found a gate leading to a gauntlet.
 22467 | Gauntlet | Entered a Gauntlet
 22467 | Gauntlet | Found a transporter.
 22526 | Gauntlet | Found a transporter.
 22537 | Gauntlet | Found a transporter.
 22542 | Gauntlet | Found a transporter.
 22557 | Gauntlet | Found a transporter.
 22573 | Gauntlet | Found a transporter.
 22588 | Gauntlet | Found a transporter.
 22594 | Gauntlet | Found a transporter.
 22609 | Gauntlet | Found a transporter.
 22621 | Gauntlet | Found a transporter.
 22633 | Gauntlet | Found a transporter.
 22639 | Gauntlet | Found a transporter.
 22661 | Gauntlet | Found a transporter.
 22678 | Gauntlet | Found a transporter.
 22783 | Gauntlet | Found a transporter.
 22783 | Gauntlet | Found a transporter.
 22797 | Gauntlet | Noticed an acid blob
 22822 | Gauntlet | Noticed an iron dragon
 22822 | Gauntlet | an acid blob changed into an iron dragon
 22902 | Gauntlet | Found a transporter.
 22981 | Gauntlet | Found a transporter.
 23085 | Gauntlet | Identified the +0 cloak "Wyxie" {MP+9 Int+4 Dex+3 SInv}
 23095 | Gauntlet | Identified the +1 chain mail "Pofyur" {rN+ Will++}
 23108 | Gauntlet | Noticed a minotaur
 23129 | Gauntlet | Killed a minotaur
 23577 | Lair:5   | Reached skill level 14 in Fighting
 23638 | Lair:6   | Reached XP level 15. HP: 82/117 MP: 0/0
 23638 | Lair:6   | Learned a level 6 spell: Simulacrum
 24313 | Lair:3   | Noticed Nergalle
 24313 | Lair:3   | Noticed Fannar
 24316 | Lair:3   | Killed Nergalle
 24328 | Lair:3   | Killed Fannar
 24541 | Lair:3   | Killed Rupert
 24615 | Lair:3   | Found a basalt altar of Yredelemnul.
 24697 | Lair:3   | Found a hole to the Spider Nest.
 24861 | Lair:3   | Identified the +2 helmet of Stoicism {rC+}
 25516 | D:12     | Noticed Maurice
 25532 | D:12     | Killed Maurice
 26792 | D:13     | Reached skill level 15 in Fighting
 27015 | D:14     | Reached skill level 10 in Invocations
 27398 | Orc:2    | Entered Level 2 of the Orcish Mines
 27503 | Orc:1    | Found Sagowimu's Book Boutique.
 27611 | Orc:2    | Found Jaintyol's Antique Armour Emporium.
 27682 | Orc:2    | Bought a polished ring mail for 324 gold pieces
 27682 | Orc:2    | Identified the +4 ring mail of Shadows and Fog {Drain rF+
                  | Will++ SInv} (You bought it in a shop on level 2 of the
                  | Orcish Mines)
 27701 | Orc:2    | Found a staircase to the Elven Halls.
 27845 | Orc:2    | Found Vaxzaros's Assorted Antiques.
 27886 | Orc:2    | Bought a scroll of magic mapping for 80 gold pieces
 27886 | Orc:2    | Bought a smoky blue potion for 20 gold pieces
 27961 | Orc:2    | Found Sieseute's Assorted Antiques.
 27989 | Orc:2    | Bought a potion of heal wounds for 190 gold pieces
 27989 | Orc:2    | Bought a scroll of fog for 76 gold pieces
 28460 | Orc:2    | Noticed an orc warlord
 28494 | Orc:2    | Found Tiwostrol's Antique Weapon Boutique.
 28497 | Orc:2    | Found Kuimuyd's Antique Armour Shop.
 28507 | Orc:2    | Killed an orc warlord
 28738 | Elf:1    | Entered Level 1 of the Elven Halls
 28751 | Elf:1    | Reached XP level 16. HP: 106/126 MP: 0/0
 28755 | Elf:1    | Identified the +1 robe of Feasting {rF+ rN+}
 28887 | Elf:1    | Found a magical portal.
 28912 | WizLab   | Entered Yara's Duelist Academy
 28928 | WizLab   | Noticed a quicksilver dragon
 28942 | WizLab   | Killed a quicksilver dragon
 28958 | WizLab   | HP: 5/126 [spriggan air mage/bolt of lightning (31)]
 28963 | WizLab   | HP: 5/126 [spriggan air mage/+1 antimagic rapier (9)]
 28964 | WizLab   | Killed from afar by a spriggan air mage

Illustrated notes

Levels and vault maps discovered:
D:1:      dreamdust_arrival_sigmund_warning, layout_basic
D:2:      layout_loops_ring, fountainhead
D:3:      wad_woods_settlement, layout_rooms,
          shapermc_ecumenical_altar_mp_ritualfount, uniq_jessica
D:4:      wander_river, layout_cave_pools, lemuel_crystal_altar,
          gammafunk_temple_overflow_elements, serial_glass, glass_columns_a,
          glass_columns_b, uniq_ijyb, uniq_menkaure, uniq_robin
D:5:      layout_rooms, elyvilon_altar_5, dk_yredelemnul_ordeal, uniq_grinder
D:6:      layout_loops_ring, minmay_temple_entry_arrows, portal_sewer_entry_f,
          uniq_maggie
D:7:      layout_cave_pools, tgw_sif, corner_web_ring, serial_bayou_lake_a
D:8:      cheibrodos_steamvent, layout_loops_ring, nicolae_vehumet_altar_sigil,
          mainiacjoe_overflow_small_starburst, serial_shops, shop, minivault_14,
          uniq_grum
D:9:      cheibrodos_helix_gallery, layout_basic,
          mainiacjoe_overflow_cross_hatched
D:10:     layout_gridville, grunt_lair_entry_orc_guard_hut, uniq_erolcha,
          uniq_joseph
D:11:     layout_gridville, erik_orc_3
D:12:     layout_layer_cave, uniq_maurice
D:13:     layout_stronghold
D:14:     layout_irregular_city, grunt_vaults_entry_fortified,
          minmay_stone_trees_small
Temple:   nicolae_temple_figure_eight
Lair:1:   layout_concentric_octagons
Lair:2:   layout_cave_pods, dreamdust_mushroom_princess
Lair:3:   nzn_winding_woodlands_medium [nzn_winding_woodlands_5x5_three,
          nzn_winding_woodlands_5x15_jagged, nzn_winding_woodlands_5x5_default,
          nzn_winding_woodlands_5x5_open_star,
          nzn_winding_woodlands_center_diamonds,
          nzn_winding_woodlands_5x5_cross,
          nzn_winding_woodlands_5x5_checkerboard,
          nzn_winding_woodlands_5x15_parted, nzn_winding_woodlands_5x5_default],
          layout_misc_corridors, spider_nest_entry_webs, basic_altar,
          uniq_rupert, uniq_nergalle, uniq_fannar
Lair:4:   layout_cave_pods, minmay_shoals_entry_hut, serial_bayou_shore_a
Lair:5:   layout_loops_ring, kennysheep_basilisk_garden
Lair:6:   gammafunk_lair_ancient_temple, layout_regular_city, slime_altar_1,
          gauntlet_entry_generic
Orc:1:    layout_diamond_mine, serial_shops, nicolae_shop_crystal,
          kennysheep_orc_chapel
Orc:2:    grunt_orc_community_town_hall, layout_caves,
          grunt_orc_community_big_house_2, grunt_orc_community_big_house_1,
          grunt_orc_community_house_1, grunt_orc_community_house_1,
          grunt_orc_community_house_3, grunt_orc_community_house_2,
          serial_shops, nicolae_shop_overgrown_old_shop
Elf:1:    layout_geoelf_grid, lightli_enter_wizlab_magi_temple,
          kennysheep_underground_church, nicolae_elf_blasts_and_bolts,
          lemuel_upstairs_altar
WizLab:   wizlab_yara

Skill      XL: |  1  2  3  4  5  6  7  8  9 10 11 12 13 14 15 |
---------------+----------------------------------------------+-----
Throwing       | 1 |  1.0
Short Blades   | 2 3 4 5 6 8 9 11 | 11.5
Fighting       | 3 4 5 6 7 9 10 12 14 15 | 15.5
Spellcasting   | 3 4 5 6 8 |  8.7
Evocations     | 1 3 |  3.0
Long Blades    | 3 4 |  4.8
Dodging        | 3 4 5 6 9 |  9.0
Stealth        | 4 5 |  5.3
Armour         | 3 4 |  4.7
Invocations    | 3 5 8 10 | 10.6

Action                   |  1- 3 |  4- 6 |  7- 9 | 10-12 | 13-15 | 16-18 || total
-------------------------+-------+-------+-------+-------+-------+-------++-------
Melee: Short sword       |   133 |   194 |    12 |   261 |   798 |    51 ||  1449
       Punch             |       |     1 |     1 |     3 |    12 |       ||    17
       Dagger            |       |       |   106 |       |       |       ||   106
       Great sword       |       |       |    46 |    92 |       |       ||   138
Throw: Dart              |       |       |     2 |       |       |       ||     2
 Cast: Pain              |     4 |     8 |       |       |       |       ||    12
       Blink             |       |     2 |    11 |    14 |    33 |       ||    60
       Poisonous Vapours |       |    64 |    59 |   172 |   186 |     9 ||   490
       Stone Arrow       |       |       |     8 |    22 |    33 |       ||    63
       Summon Mana Viper |       |       |       |       |    38 |       ||    38
       Gell's Gravitas   |       |       |       |       |    16 |       ||    16
       Teleport Other    |       |       |       |       |     1 |       ||     1
Invok: Slouch            |       |       |       |       |     5 |       ||     5
       Step From Time    |       |       |       |       |       |     1 ||     1
Evoke: Wand              |       |     1 |    18 |    12 |     9 |     1 ||    41
  Use: Scroll            |     4 |     4 |    10 |     6 |    14 |     5 ||    43
       Potion            |       |     1 |     6 |     1 |     3 |     3 ||    14
 Stab: Paralysed         |       |       |     7 |     2 |       |       ||     9
       Sleeping          |       |       |       |     3 |    21 |       ||    24
       Distracted        |       |       |       |     2 |     6 |       ||     8
Armor: Leather armour    |    53 |    50 |    41 |       |       |       ||   144
       Steam dragon scal |       |       |    16 |       |       |       ||    16
       Robe              |       |       |     3 |   111 |       |       ||   114
       Troll leather arm |       |       |       |    27 |   202 |       ||   229
       Chain mail        |       |       |       |       |     2 |    14 ||    16
Dodge: Dodged            |    95 |   137 |   111 |   248 |   628 |    19 ||  1238

Table legend: (Time is in decaauts)
 A = Elapsed time spent in this place.
 B = Non-inter-level travel time spent in this place.
 C = Inter-level travel time spent in this place.
 D = Time resting spent in this place.
 E = Time spent auto-exploring this place.
 F = Levels seen in this place.
 G = Mean time per level.
                   A        B        C        D        E       F      G
               +--------+--------+--------+--------+--------+-----+--------+
         Total |  37829 |  35201 |   2628 |   2596 |  25920 |  27 | 1401.1 |
       Dungeon |  22067 |  20629 |   1438 |   2304 |  14700 |  14 | 1576.2 |
        Temple |    242 |    197 |     45 |      0 |    193 |   1 |  242.0 |
          Lair |  10865 |   9912 |    953 |     62 |   8177 |   6 | 1810.8 |
  Orcish Mines |   2568 |   2433 |    135 |      0 |   1844 |   2 | 1284.0 |
   Elven Halls |    261 |    204 |     57 |      3 |      0 |   1 |  261.0 |
         Sewer |    452 |    452 |      0 |    227 |    160 |   1 |  452.0 |
        Wizlab |     61 |     61 |      0 |      0 |      0 |   1 |   61.0 |
      Gauntlet |   1309 |   1309 |      0 |      0 |    845 |   1 | 1309.0 |
               +--------+--------+--------+--------+--------+-----+--------+

Top non-repeatable levels by time:
     D:3: 2479 daAuts
  Lair:2: 2405 daAuts
    D:12: 2311 daAuts
     D:9: 2282 daAuts
  Lair:1: 2106 daAuts
     D:4: 2079 daAuts
  Lair:4: 1934 daAuts
    D:11: 1888 daAuts
     D:8: 1826 daAuts
   Orc:2: 1774 daAuts
     D:6: 1650 daAuts
     D:2: 1634 daAuts
  Lair:5: 1610 daAuts
  Lair:6: 1567 daAuts
    D:10: 1390 daAuts
